 Dungeon Crawl Stone Soup version 0.22-a0-162-g33bf127 (webtiles) character file.

79 b5mith the Poker (level 4, -8/35 HPs)
             Began as a Human Berserker on Feb 12, 2018.
             Was a Believer of Trog.
             Mangled by a worm (10 damage)
             ... on level 2 of the Dungeon.
             The game lasted 00:05:12 (1638 turns).

b5mith the Poker (Human Berserker)                  Turns: 1638, Time: 00:05:13

Health: -8/35      AC:  5    Str: 19    XL:     4   Next: 64%
Magic:  4/4        EV: 12    Int:  7    God:    Trog [**....]
Gold:   95         SH:  0    Dex: 12    Spells: 3/3 levels left

rFire    . . .     SeeInvis .   a - +2 spear
rCold    . . .     Gourm    .   (no shield)
rNeg     . . .     Faith    .   i - +0 ring mail (curse)
rPois    .         Spirit   .   (no helmet)
rElec    .         Reflect  .   (no cloak)
rCorr    .         Harm     .   (no gloves)
MR       .....                  (no boots)
Stlth    +.........             k - amulet of inaccuracy (curse)
HPRegen  0.11/turn              (no ring)
MPRegen  0.09/turn              (no ring)

@: no status effects
A: no striking features
a: Berserk, Trog's Hand, Burn Spellbooks, Renounce Religion


You were on level 2 of the Dungeon.
You worshipped Trog.
Trog was pleased with you.
You were not hungry.

You visited 1 branch of the dungeon, and saw 2 of its levels.

You collected 95 gold pieces.

Inventory:

Hand Weapons
 a - a +2 spear (weapon)
Missiles
 d - 50 stones (quivered)
Armour
 b - a +0 animal skin
 i - a cursed +0 ring mail (worn)
Jewellery
 k - a cursed amulet of inaccuracy (around neck)
Scrolls
 f - a scroll of amnesia {unknown}
 g - a scroll of immolation {unknown}
 h - 2 scrolls of remove curse {unknown}
 m - a scroll of identify {unknown}
Potions
 e - a potion of curing {unknown}
 j - a potion of might {unknown}
 l - a potion of heal wounds {unknown}
Comestibles
 c - 2 rations


   Skills:
 + Level 3.5 Fighting
 + Level 3.5 Polearms
 + Level 2.8 Armour
 + Level 2.8 Dodging


You had 3 spell levels left.
You didn't know any spells.

Dungeon Overview and Level Annotations

Branches:
Dungeon (2/15)

Altars:
Gozag


Message History

The worm is heavily wounded.
The worm bites you.
* * * LOW HITPOINT WARNING * * *
You hit the worm.
The worm is heavily wounded.
You closely miss the worm.
The worm is heavily wounded.
The worm bites you!
* * * LOW HITPOINT WARNING * * *
You hit the worm.
The worm is heavily wounded.
You closely miss the worm.
The worm is heavily wounded.
The worm bites you but does no damage.
You hit the worm.
The worm is severely wounded.
You hit the worm.
The worm is almost dead.
The worm bites you!
You die...

.......
############..####
...####
.....[......†[....
..##
############.#####
...###### #...#
#.......# #.###
#.#####.... #.# #.#
#(..##### ###.# #.#
#..(w.######...#######
..# #@................
.## ########.#######..
.############ #.# #<.
.#..........# ##.# ##.
##..........# #..# #.
##......<...# #####.##
#. ##..........#
##.....# ##
......).....# #..#####
##. )#..........# #.##
#..


You could see a worm.

Vanquished Creatures
  4 adders (D:2)
  An ooze (D:2)
  2 dart slugs
  3 leopard geckos (D:1)
  4 bats (D:1)
  2 giant cockroaches
  4 goblins
  3 hobgoblins (D:1)
  2 frilled lizards (D:1)
  6 kobolds
  5 rats (D:1)
36 creatures vanquished.

Notes
Turn   | Place    | Note
-------+----------+-------------------------------------------
     0 | D:1      | b5mith the Human Berserker began the quest for the Orb.
     0 | D:1      | Reached XP level 1. HP: 18/18 MP: 1/1
   111 | D:1      | Reached XP level 2. HP: 14/24 MP: 2/2
   484 | D:1      | Reached XP level 3. HP: 25/29 MP: 3/3
  1212 | D:2      | Reached ** piety under Trog
  1247 | D:2      | Reached XP level 4. HP: 28/35 MP: 4/4
  1260 | D:2      | Found an opulent altar of Gozag.
  1638 | D:2      | Mangled by a worm

Vault maps used:
D:1:      dpeg_cavernosity, feat_on_display
D:2:      nicolae_gozag_cash_rules_everything_around_me

Action                   |  1- 3 |  4- 6 || total
-------------------------+-------+-------++-------
Melee: Spear             |   139 |    50 ||   189
Throw: Stone             |    39 |    12 ||    51
  Use: Scroll            |     2 |       ||     2
 Stab: Distracted        |     1 |       ||     1
       Sleeping          |     1 |       ||     1
  Eat: Ration            |     1 |       ||     1
Armor: Animal skin       |     5 |       ||     5
       Ring mail         |    24 |     8 ||    32
Dodge: Dodged            |    84 |    18 ||   102

Table legend:
 A = Spawn XP
 B = Non-spawn XP
 C = Spawn XP percentage of total XP
 D = Spawn monster count
 E = Non-spawn monster count
 F = Spawn count percentage of total count
 G = Total turns spent on level
                    A         B        C        D         E        F      G
               +---------+---------+-------+---------+---------+-------+---------
         Total |       0 |     114 |   0.0 |       0 |      36 |   0.0 |  1638
               +---------+---------+-------+---------+---------+-------+---------
           D:1 |       0 |      44 |   0.0 |       0 |      25 |   0.0 |  1107
           D:2 |       0 |      70 |   0.0 |       0 |      11 |   0.0 |   531
               +---------+---------+-------+---------+---------+-------+---------
